 Dungeon Crawl Stone Soup version 0.21-a0-472-g223bcb9 (webtiles) character file.

49 slep the Skirmisher (level 3, -1/29 HPs)
             Began as a Demonspawn Monk on Nov 22, 2017.
             Slain by Robin
             ... wielding a +3 club
              (5 damage)
             ... on level 2 of the Dungeon.
             The game lasted 00:03:41 (909 turns).

slep the Skirmisher (Demonspawn Monk)                Turns: 909, Time: 00:03:41

Health: -1/29      AC:  3    Str: 11    XL:     3   Next: 51%
Magic:  3/3        EV: 13    Int: 11    God:
Gold:   52         SH:  0    Dex: 16    Spells: 2/2 levels left

rFire    . . .     SeeInvis .   a - +0 falchion
rCold    + . .     Gourm    .   (no shield)
rNeg     . . .     Faith    .   j - +0 leather armour
rPois    .         Spirit   .   (no helmet)
rElec    .         Reflect  .   (no cloak)
rCorr    .         Harm     .   (no gloves)
MR       .....                  (no boots)
Stlth    ++........             (no amulet)
HPRegen  0.09/turn              l - ring of ice
MPRegen  0.08/turn              (no ring)

@: no status effects
A: fire resistance 1
a: no special abilities


You were on level 2 of the Dungeon.
You were not hungry.

You visited 1 branch of the dungeon, and saw 2 of its levels.

You collected 52 gold pieces.

Inventory:

Hand Weapons
 a - a +0 falchion (weapon)
Armour
 b - a +0 robe
 j - a +0 leather armour (worn)
Jewellery
 l - a ring of ice (left hand)
Scrolls
 d - 2 scrolls of teleportation {unknown}
 e - a scroll of identify {unknown}
 g - a scroll of magic mapping {unknown}
 k - a scroll of blinking {unknown}
Potions
 f - a potion of magic {unknown}
 h - a potion of heal wounds {unknown}
 i - a potion of invisibility {unknown}
Comestibles
 c - a bread ration
 m - a meat ration
 n - 2 chunks of flesh


   Skills:
 + Level 3.4 Fighting
 + Level 3.3 Long Blades
 + Level 0.4 Armour
 + Level 3.1 Dodging
 + Level 1.9 Stealth


You had 2 spell levels left.
You didn't know any spells.

Dungeon Overview and Level Annotations

Branches:
Dungeon (2/15)

Altars:

Annotations:
D:2 Robin


Innate Abilities, Weirdness & Mutations

Your flesh is heat resistant. (rF+)


Message History

The goblin hits you but does no damage. x2
You hit the goblin.
You kill the goblin!
The goblin hits you with an enchanted dagger.
You hit the goblin.
You kill the goblin!
Robin throws the goblin at you! The goblin hits you with a dagger.
* * * LOW HITPOINT WARNING * * *
You closely miss the goblin. The goblin completely misses you.
You riposte.
You hit the goblin but do no damage. Robin hits you with an enchanted club.
* * * LOW HITPOINT WARNING * * *
You barely miss the goblin. The goblin misses you. Robin closely misses you.
You hit the goblin.
You kill the goblin!
Robin hits you but does no damage.
Your leather armour prevents you from hitting Robin.
Robin closely misses you.
You closely miss Robin. Robin completely misses you.
You completely miss Robin. Robin hits you with an enchanted club.
You die...

g# .. #.##. ....
... ### # ### ..#
##.###. #.. ..#
##...##.# #.###.#
#.....##.##.##g#
#####...##
#.#.#@##
.....#.######..)##
####...........##
###.######### #.#
#.# #.# #.# # #.#


You could see Robin.

Vanquished Creatures
  An adder (D:2)
  A worm (D:2)
  3 dart slugs
  A giant cockroach (D:1)
  2 hobgoblins
  4 kobolds
  2 bats
  3 frilled lizards
  12 goblins
29 creatures vanquished.

Notes
Turn   | Place    | Note
-------+----------+-------------------------------------------
     0 | D:1      | slep the Demonspawn Monk began the quest for the Orb.
     0 | D:1      | Reached XP level 1. HP: 18/18 MP: 1/1
   356 | D:1      | Gained mutation: Your flesh is heat resistant. (rF+) [demonic ancestry]
   356 | D:1      | Reached XP level 2. HP: 20/24 MP: 2/2
   828 | D:2      | Reached XP level 3. HP: 21/29 MP: 3/3
   893 | D:2      | Noticed Robin
   909 | D:2      | Slain by Robin

Vault maps used:
D:1:      wheals_arrival_linesprint
D:2:      grunt_temple_overflow_diamond, first_bread, uniq_crazy_yiuf_cottage,
          uniq_robin

Skill      XL: |  1  2 |
---------------+-------+-----
Dodging        | 3 |  3.1
Long Blades    | 3 |  3.3
Fighting       | |  3.4
Armour         | |  0.4
Stealth        | |  1.9

Action                   || total
-------------------------++-------
Melee: Falchion          ||    76
 Stab: Sleeping          ||     4
Armor: Robe              ||     1
       Leather armour    ||    12
Dodge: Dodged            ||    40
       Rpst.: Falchion   ||    17

Table legend:
 A = Spawn XP
 B = Non-spawn XP
 C = Spawn XP percentage of total XP
 D = Spawn monster count
 E = Non-spawn monster count
 F = Spawn count percentage of total count
 G = Total turns spent on level
                    A         B        C        D         E        F      G
               +---------+---------+-------+---------+---------+-------+---------
         Total |       0 |      70 |   0.0 |       0 |      29 |   0.0 |   909
               +---------+---------+-------+---------+---------+-------+---------
           D:1 |       0 |      16 |   0.0 |       0 |       9 |   0.0 |   669
           D:2 |       0 |      54 |   0.0 |       0 |      20 |   0.0 |   240
               +---------+---------+-------+---------+---------+-------+---------
